 Dungeon Crawl Stone Soup version 0.19.4-9-g45fd643 (webtiles) character file.

240 dynamoDes the Sneak (level 5, 0/28 HPs)
             Began as a Deep Elf Earth Elementalist on Feb 20, 2017.
             Killed by nerve-wracking pain
             ... invoked by Grinder
              (10 damage)
             ... on level 3 of the Dungeon.
             The game lasted 00:09:36 (1701 turns).

dynamoDes the Sneak (Deep Elf Earth Elementalist)   Turns: 1701, Time: 00:09:36

Health: 0/28       AC:  3    Str:  6    XL:     5   Next: 79%
Magic:  12/13      EV: 14    Int: 20    God:
Gold:   66         SH:  0    Dex: 15    Spells: 2 memorised, 8 levels left

rFire  . . .     SeeInvis .     b - 71 stones
rCold  . . .     Gourm    .     c - +0 robe
rNeg   . . .     Faith    .     (no shield)
rPois  .         Spirit   .     (no helmet)
rElec  .         Reflect  .     (no cloak)
rCorr  .         Harm     .     k - +0 pair of gloves
MR     .....                    (no boots)
Stlth  ++........               (no amulet)
                                (no ring)
                                l - ring of loudness (curse)

@: no status effects
A: no striking features
a: no special abilities


You were on level 3 of the Dungeon.
You were not hungry.

You visited 1 branch of the dungeon, and saw 3 of its levels.

You collected 66 gold pieces.

Inventory:

Hand Weapons
 a - a +0 dagger
Missiles
 b - 71 stones (in hand)
Armour
 c - a +0 robe (worn)
 k - a +0 pair of gloves (worn)
Jewellery
 l - a cursed ring of loudness (left hand)
 r - an uncursed amulet of regeneration {unknown}
Wands
 t - a wand of flame (20/48)
Scrolls
 h - 2 scrolls of blinking
 p - a scroll of identify
 q - 2 scrolls of teleportation {unknown}
Potions
 f - a potion of brilliance {unknown}
 g - a potion of agility
 j - a potion of flight
 m - a potion of might {unknown}
 n - a potion of resistance {unknown}
 o - a potion of heal wounds {unknown}
 s - a potion of haste {unknown}
Books
 e - a book of Geomancy

   Spells                             Type                      Level
   a - Sandblast                      Earth                        1
   b - Passwall                       Transmutation/Earth          2
   c - Stone Arrow                    Conjuration/Earth            3
   d - Petrify                        Transmutation/Earth          4
   e - Lee's Rapid Deconstruction     Earth                        5
Comestibles
 d - a bread ration
 i - 6 chunks of flesh


   Skills:
 - Level 4.0 Dodging
 + Level 4.9 Stealth
 - Level 4.3 Spellcasting
 + Level 0.9 Conjurations
   Level 1.1 Transmutations
 + Level 4.5 Earth Magic


You had 8 spell levels left.
You knew the following spells:

 Your Spells              Type           Power        Failure   Level  Hunger
a - Sandblast             Erth           ###...       1%          1    None
b - Stone Arrow           Conj/Erth      ###...       14%         3    ###....


Dungeon Overview and Level Annotations

Branches:
Dungeon (3/15)

Altars:

Annotations:
D:3 Grinder, Jessica


Message History

Aim: a bat The rocky blast hits the bat.
You kill the bat!
You see here 18 gold pieces.
A rat comes into view.
Casting: Sandblast
Confirm with . or Enter, or press ? or * to list all spells.
Aiming: Sandblast
Press: ? - help, Shift-Dir - straight line, f - rat
Aim: a rat (resting)
The rocky blast hits the rat.
You kill the rat!
Found a lead wand.
t - a wand of flame Grinder shouts!
Your magical contamination has completely faded away.
Grinder rolls her eyes.
Grinder gestures at you. Pain shoots through your body!
You die...

#.#....####.#
..#....#....# #
###....#.##.# .
.....#.#..# #
#..5#.#######
#...#.......#
#...........# #
.....#.#########.#
### #...5....@..#
###########.# #


You could see Grinder.

Vanquished Creatures
  Sigmund (D:2)
  3 adders
  3 worms
  3 dart slugs
  5 bats
  2 giant cockroaches
  2 goblins
  5 hobgoblins
  4 jackals (D:2)
  3 kobolds (D:1)
  A quokka (D:2)
  5 frilled lizards
  4 rats
41 creatures vanquished.

Notes
Turn   | Place    | Note
-------+----------+-------------------------------------------
     0 | D:1      | dynamoDes the Deep Elf Earth Elementalist began the quest for the Orb.
     0 | D:1      | Reached XP level 1. HP: 10/10 MP: 6/6
   384 | D:1      | Reached XP level 2. HP: 12/15 MP: 2/8
   788 | D:2      | Reached XP level 3. HP: 17/19 MP: 2/9
  1039 | D:2      | Noticed Sigmund
  1049 | D:2      | Killed Sigmund
  1049 | D:2      | Reached XP level 4. HP: 24/24 MP: 0/12
  1049 | D:2      | Reached XP level 5. HP: 28/28 MP: 0/13
  1167 | D:2      | Learned a level 3 spell: Stone Arrow
  1645 | D:3      | Noticed Grinder
  1662 | D:3      | Noticed Jessica
  1701 | D:3      | Killed from afar by Grinder

Skill      XL: |  1  2  3  4  5 |
---------------+----------------+-----
Stealth        | 3 4 |  4.9
Dodging        | 3 4 |  4.0
Spellcasting   | 4 |  4.3
Earth Magic    | 4 |  4.5
Conjurations   | |  0.9
Transmutations | |  1.1

Action                   |  1- 3 |  4- 6 || total
-------------------------+-------+-------++-------
Melee: Dagger            |    25 |    10 ||    35
 Cast: Sandblast         |    45 |    32 ||    77
  Use: Scroll            |     2 |     1 ||     3
       Potion            |     1 |       ||     1
 Stab: Sleeping          |     4 |       ||     4
  Eat: Chunk             |       |     2 ||     2
Armor: Robe              |     4 |     3 ||     7
Dodge: Dodged            |    40 |    11 ||    51
